Cogmind - Beta 16.1 @@@ ROGUE MODE // 2026.04.16 @ 19:59:28 Player: Plexion Result: Self-destructed Performance ------------- Evolutions (5) 2500 Regions Visited (5) 1000 Robots Destroyed (51) 255 Value Destroyed (1411) 1411 Prototype IDs (25) 500 Alien Tech Used (0) 0 Bonus (904) 904 TOTAL SCORE: 6570 Bonus ------- Follower Combat Kills 104 Registered with UFD 300 Met Optimus in HQ 500 Cogmind --------- Core Integrity 493/1000 Matter 135/300 Energy 375/375 System Corruption 3% Temperature Cool (0) Movement Rolling (115) Ox1 Location -5/Factory Parts ------- > --- POWER (2) -------- Micro Nuclear Core Antimatter Reactor > --- PROPULSION (4) --- Armored Huge Wheel Armored Huge Wheel > --- UTILITY (7) ------ Huge Storage Unit Enhanced Optical Array Core Analyzer Gun Armor > --- WEAPON (4) ------- Power Maul > --- INVENTORY (25) --- Light Ion Engine Micro Nuclear Core Carbon-fiber Leg Overtuned Titanium Leg Improved Titanium Leg Improved Titanium Leg Flexi-carbon Leg Centrium Leg Deep Structural Scanner Advanced Melee Analysis Suite Heavy Missile Launcher Heavy Missile Launcher Mini Smartbomb Launcher CPS Tube (2) Botcube Peak State ------------ > --- POWER ------------ Micro Nuclear Core Light Neutrino Core > --- PROPULSION ------- Improved Titanium Leg Cargo Legs Centrium Leg > --- UTILITY ---------- Huge Storage Unit Core Analyzer Improved Transmission Jammer Improved Light Armor Plating Gun Armor Medium Reflective Plating Advanced Shield Generator > --- WEAPON ----------- Mini Smartbomb Launcher 1B-0RG's Assimilator > --- INVENTORY -------- Light Ion Engine Carbon-fiber Leg Overtuned Titanium Leg Improved Titanium Leg Flexi-carbon Leg Armored Huge Wheel Armored Huge Wheel Deep Structural Scanner Advanced Melee Analysis Suite High-powered Tractor Beam Proton Cannon Heavy Missile Launcher Heavy Missile Launcher CPS Tube Power Maul Botcube [Rating: 152] Favorites ----------- Power Light Ion Engine Engine Light Ion Engine Power Core Micro Nuclear Core Reactor Antimatter Reactor Propulsion Wheel Treads Light Treads Leg Improved Titanium Leg Wheel Wheel Utility Huge Storage Unit Device Improved Heat Sink Storage Huge Storage Unit Processor Core Analyzer Protection Gun Armor Weapon Subdweller Laser Energy Gun Subdweller Laser Energy Cannon Proton Cannon Ballistic Gun Barrage Gun Ballistic Cannon Slug Cannon Launcher Mini Smartbomb Launcher Special Weapon CPS Tube Impact Weapon Power Maul Special Melee Weapon 1B-0RG's Assimilator Build | -11 -10 -10 -7 -7 -5 ------- Run | Yrd Mat Sub Rec Scr Fac Slots Evolved 10 | . . . . . 10 Power 1 | . . . . . 1 Propulsion 2 | . . . . . 2 Utility 5 | . . . . . 5 Weapon 2 | . . . . . 2 Parts Attached 46 | 10 1 11 . 5 19 Power 7 | 2 . . . 1 4 Engine 3 | 2 . . . 1 . Core 3 | . . . . . 3 Reactor 1 | . . . . . 1 Propulsion 13 | 3 . 4 . 1 5 Treads 4 | 2 . 2 . . . Leg 4 | . . . . . 4 Wheel 5 | 1 . 2 . 1 1 Hover . | . . . . . . Flight . | . . . . . . Utility 14 | 2 1 3 . . 8 Device 6 | 1 . 2 . . 3 Storage 3 | 1 1 1 . . . Processor 2 | . . . . . 2 Hackware . | . . . . . . Protection 3 | . . . . . 3 Artifact . | . . . . . . Weapon 12 | 3 . 4 . 3 2 Energy Gun 5 | 3 . 2 . . . Energy Cannon 1 | . . . . 1 . Ballistic Gun 1 | . . 1 . . . Ballistic Cannon 1 | . . 1 . . . Launcher 1 | . . . . . 1 Special Weapon 1 | . . . . 1 . Impact Weapon 1 | . . . . 1 . Slashing Weapon . | . . . . . . Piercing Weapon . | . . . . . . Special Melee Weapon 1 | . . . . . 1 Unidentified Prototypes 3 | . . . . . 3 Parts Lost 13 | . . 4 . . 9 Power 4 | . . 1 . . 3 Propulsion 2 | . . 2 . . . Utility 4 | . . . . . 4 Weapon 3 | . . 1 . . 2 Highest Loss Streak 7 | . . 2 . . 7 To Critical Strikes . | . . . . . . Average Backups 13 | 2 4 13 19 15 13 Power 1 | . 1 2 2 1 . Propulsion 4 | 1 2 3 6 5 5 Utility 4 | . . 4 5 5 3 Weapon 2 | . 1 2 4 2 3 Tool/Special . | . . . . . . Unused Backups 18 | . . . . 9 9 Power 3 | . . . . 2 1 Propulsion 6 | . . . . 3 3 Utility 5 | . . . . 2 3 Weapon 4 | . . . . 2 2 Tool/Special . | . . . . . . Average Slot Usage (%) 87 | . 100 99 100 91 56 Engine 11 | . 14 13 14 14 2 Treads 7 | . 28 22 . . . Leg 2 | . . . . . 12 Wheel 11 | . . 5 28 21 . Device 12 | . 14 13 14 14 6 Storage 11 | . 14 14 14 13 4 Protection 2 | . . . . . 11 Energy Gun 8 | . 28 24 . . . Energy Cannon 1 | . . . . 3 . Ballistic Gun 5 | . . 3 14 9 . Ballistic Cannon 4 | . . . 14 9 . Impact Weapon 2 | . . . . 3 3 Peak Build Rating 152 | 7 7 26 26 37 152 Average Rating 41 | 4 7 13 25 29 121 On Entrance 16 | . 7 7 26 26 35 Avg Prop Armor Cover (%) 7 | . . . . . 7 Naked Turns . | . . . . . . Heaviest Build 173 | 14 29 94 94 95 173 Greatest Support 105 | 40 40 40 20 28 105 Greatest Overweight (x) 4 | . . 3 4 4 1 Average Overweight (x) 2 | . . . 4 3 1 Largest Inventory Capacity 25 | 8 15 25 25 25 25 Average Capacity 21 | 7 13 16 25 24 25 Most Carried 25 | 4 6 25 25 25 25 Average Carried 17 | 2 4 14 24 21 16 Final Capacity 25 | 8 15 25 25 25 25 Final Carried 25 | 4 6 25 25 25 15 Class Distribution -------------------- 69% | Mutant 17% | Scavenger-Mutant 13% | Derelict-Mutant Dominant Class ---------------- Mutant | -10/Materials Scavenger-Mutant | -10/Subcaves Mutant | -7/Recycling Mutant | -7/Scraptown Derelict-Mutant | -5/Factory Resources | -11 -10 -10 -7 -7 -5 ----------- Run | Yrd Mat Sub Rec Scr Fac Matter Collected 1596 | 226 66 306 7 99 892 Remotely 258 | . . . . . 258 Salvage Created 1599 | 23 46 371 34 . 1125 Parts 62 | 3 2 24 2 . 31 Haulers Intercepted 2 | . 1 . . . 1 Recyclers Shooed 3 | . 1 . . . 2 Parts Field Recycled . | . . . . . . Retrieved Matter . | . . . . . . Parts Self-Destructed 7 | . . 7 . . . Prevented . | . . . . . . Parts Restored . | . . . . . . Kills | -11 -10 -10 -7 -7 -5 ------- Run | Yrd Mat Sub Rec Scr Fac Combat Hostiles Destroyed 30 | . . 9 1 . 20 Melee 3 | . . . . . 3 Guns 9 | . . 9 . . . Cannons 2 | . . . 1 . 1 AOE 15 | . . . . . 15 Classes Destroyed 14 | 1 1 3 1 . 8 Worker 9 | . . . . . 9 Builder 3 | . . . . . 3 Tunneler 2 | 1 . . . . 1 Hauler 2 | . 1 . . . 1 Recycler 4 | . . . . . 4 Watcher 1 | . . . . . 1 Swarmer 10 | . . 2 . . 8 Saboteur 1 | . . . . . 1 Protector 3 | . . . 1 . 2 Sentry 1 | . . 1 . . . Specialist 2 | . . . . . 2 Hunter 6 | . . . . . 6 Programmer 1 | . . . . . 1 Subdweller 6 | . . 6 . . . Best Kill Streak 15 | 1 1 2 1 . 15 Combat Bots Only 10 | . . 2 1 . 10 Max Kills in Single Turn 4 | 1 1 1 1 . 4 Gunslinging . | . . . . . . Exploded 4 | . . . . . 4 Melee 1 | . . . . . 1 Uniques/NPCs Destroyed . | . . . . . . Combat | -11 -10 -10 -7 -7 -5 -------- Run | Yrd Mat Sub Rec Scr Fac Hostile Shots Fired 203 | . . 52 . . 151 Missed 51 | . . 10 . . 41 Hits 152 | . . 42 . . 110 Projectile 152 | . . 42 . . 110 Critical Strikes 6 | . . 4 . . 2 Part Disruptions 3 | . . . . . 3 Damage Taken 2993 | . 30 840 . . 2123 Core 724 | . . 217 . . 507 Absorbed by Shields . | . . . . . . Ignored by Resistances 3 | . . . . . 3 Regen/Repaired (Parts) 154 | . . . . . 154 Core Remaining (%) 56 | 100 . . . 13 . Volleys Fired 89 | 2 6 60 4 . 17 Largest 2 | 2 2 2 1 . 1 Hottest 120 | 90 90 120 40 . 80 Shots Fired 136 | 4 12 98 4 . 18 Gun 112 | 4 12 96 . . . Cannon 13 | . . 2 4 . 7 Launcher 11 | . . . . . 11 Special . | . . . . . . Kinetic 32 | . . 28 4 . . Thermal 86 | 4 12 70 . . . Explosive 11 | . . . . . 11 Electromagnetic 7 | . . . . . 7 Robot Hit Streak 18 | 2 4 18 2 . 7 Robot Miss Streak 3 | 1 1 2 2 . 3 Penetration Max . | . . . . . . Secondary Targets . | . . . . . . Shots Hit Robots 103 | 2 9 60 2 . 30 Core Hits 79 | 1 4 19 1 . 54 Critical Kills 1 | . . . . . 1 Critical Parts Destroyed 4 | . . . . . 4 Critical Strikes 6 | . . 1 . . 5 Burn 1 | . . 1 . . . Smash 5 | . . . . . 5 Melee Attacks 43 | . . . . . 43 Impact 43 | . . . . . 43 Slashing . | . . . . . . Piercing . | . . . . . . Sneak Attacks 12 | . . . . . 12 Combat Hostiles . | . . . . . . Follow-up Attacks . | . . . . . . Damage Inflicted 6083 | 24 124 769 74 . 5092 Guns 913 | 24 120 769 . . . Cannons 207 | . . . 74 . 133 Explosions 3113 | . . . . . 3113 Melee 1810 | . . . . . 1810 Ramming 40 | . 4 . . . 36 Kinetic 121 | . . 47 74 . . Thermal 866 | 24 120 722 . . . Explosive 3113 | . . . . . 3113 Electromagnetic 133 | . . . . . 133 Impact 1810 | . . . . . 1810 Slashing . | . . . . . . Piercing . | . . . . . . Highest Corruption 3 | . . . . . 3 Average Corruption 1 | . . . . . 1 Corruption Purged . | . . . . . . Corruption Blocked . | . . . . . . Effects 9 | . . . . . 9 Message Errors 1 | . . . . . 1 Matter Fused 1 | . . . . . 1 Heat Flow Errors 2 | . . . . . 2 Energy Discharges 1 | . . . . . 1 Data Loss (minor) 2 | . . . . . 2 Data Loss (major) 1 | . . . . . 1 Misfires 1 | . . . . . 1 Overload Shots . | . . . . . . Overflow Damage 1116 | . . . 1 . 1115 Projectiles 7 | . . . 1 . 6 Explosions 97 | . . . . . 97 Melee 1012 | . . . . . 1012 Knockbacks 4 | . . . 1 . 3 Impact 3 | . . . . . 3 Kinetic 1 | . . . 1 . . Secondary . | . . . . . . Self-Inflicted Damage 6 | . . . . . 6 Shots . | . . . . . . Rammed 3 | . 2 . . . 1 Targets Rammed 5 | . 2 . . . 3 Kicked 2 | . . . . . 2 Crushed . | . . . . . . Highest Temperature 227 | 60 60 2 . . 227 Average Temperature 45 | 30 30 2 . . 54 Received Heat Transfer 285 | . . 255 . . 30 Siege Activations . | . . . . . . Martial Activations . | . . . . . . Shielding Activations . | . . . . . . Robots Disrupted . | . . . . . . Combat Hostiles . | . . . . . . Robots Corrupted 7 | . . . . . 7 Combat Hostiles 1 | . . . . . 1 Parts Fried 25 | . . . . . 25 Impact Corruptions 28 | . . . . . 28 Robots Melted . | . . . . . . Combat Hostiles . | . . . . . . Parts Melted 1 | . . 1 . . . Heat Transferred 2085 | 62 322 1701 . . . Parts Sabotaged . | . . . . . . Parts Stolen . | . . . . . . Parts Stripped . | . . . . . . Power Chain Reactions . | . . . . . . Alert | -11 -10 -10 -7 -7 -5 ------- Run | Yrd Mat Sub Rec Scr Fac Maximum Alert Level 1 | . . . . . 1 Low Security (%) 90 | 100 100 . 100 . 85 Level 1 9 | . . . . . 14 Level 2 . | . . . . . . Level 3 . | . . . . . . Level 4 . | . . . . . . Level 5 . | . . . . . . High Security . | . . . . . . Max Security . | . . . . . . Peak Influence 360 | 5 15 . 30 . 360 Initial . | . . . . . . Average 56 | . . . 2 . 86 Influence Increases 945 | 5 28 120 37 . 755 Destroy 0b10 Robot/C 460 | . . 60 . . 400 Destroy 0b10 Robot/NC 125 | 5 5 . 5 . 110 Destroy Leader 56 | . 2 . . . 54 Allied During Kill 13 | . . . . . 13 Successful Hack 16 | . 6 . . . 10 Select Force Hacks 30 | . . . 30 . . Disable Machine 30 | . . . . . 30 Destroy Structure 110 | . . . 2 . 108 Partial Spotted 15 | . 15 . . . . Lose Combat Pursuer 90 | . . 60 . . 30 Influence Decreases 604 | 5 28 120 37 . 414 Time Decay 447 | 5 28 110 37 . 267 Lost Part 88 | . . 10 . . 78 Lost Ally 69 | . . . . . 69 Squads Dispatched 8 | . 4 . . . 4 Investigation 2 | . 2 . . . . Extermination 2 | . . . . . 2 Reinforcement 4 | . 2 . . . 2 Assault . | . . . . . . Garrison . | . . . . . . Intercept . | . . . . . . Searches Triggered . | . . . . . . Construction Impeded 1 | . . . . . 1 Haulers Reinforced . | . . . . . . Active Scanning Responses . | . . . . . . Cargo Convoy Interrupts 1 | . . . . . 1 Stealth | -11 -10 -10 -7 -7 -5 --------- Run | Yrd Mat Sub Rec Scr Fac Distress Signals 2 | . 2 . . . . Communications Jammed 8 | . . . . . 8 Distress Signals 8 | . . . . . 8 Times Spotted 57 | . 2 13 1 . 41 Peak Tracking Total 12 | . 1 4 1 . 12 Tactical Retreats 4 | . . 2 . . 2 Traps | -11 -10 -10 -7 -7 -5 ------- Run | Yrd Mat Sub Rec Scr Fac Traps Triggered 5 | . 1 1 . . 3 Indirectly . | . . . . . . Trap Hack Attempts . | . . . . . . Triggered . | . . . . . . Disarmed . | . . . . . . Reprogrammed . | . . . . . . Reused . | . . . . . . Traps Extracted . | . . . . . . Installed . | . . . . . . Triggered . | . . . . . . Machines | -11 -10 -10 -7 -7 -5 ---------- Run | Yrd Mat Sub Rec Scr Fac Machines Disabled 3 | . . 1 . . 2 Max in Single Turn 1 | . . 1 . . 1 Garrison Access 1 | . . . . . 1 Machines Repaired . | . . . . . . Machines Dismantled . | . . . . . . Machines Sabotaged . | . . . . . . Overloaded Fab Kills . | . . . . . . Hacking | -11 -10 -10 -7 -7 -5 --------- Run | Yrd Mat Sub Rec Scr Fac Machines Accessed 9 | . 2 1 1 2 3 Terminals 2 | . 2 . . . . Fabricators 2 | . . . . . 2 Repair Stations . | . . . . . . Recycling Units 1 | . . . 1 . . Scanalyzers . | . . . . . . Garrison Access 1 | . . . . . 1 Total Hacks 34 | . 4 1 1 22 6 Successful 31 | . 2 1 1 22 5 Failed 3 | . 2 . . . 1 Catastrophic 1 | . 1 . . . . Database Lockouts . | . . . . . . Manual 8 | . 4 . 1 . 3 Terminals 4 | . 4 . . . . Fabricators 5 | . . . . . 5 Repair Stations . | . . . . . . Recycling Units 1 | . . . 1 . . Scanalyzers . | . . . . . . Garrison Access 1 | . . . . . 1 Terminal Hacks 24 | . 1 1 . 22 . Record 21 | . . . . 21 . Locate Traps 1 | . 1 . . . . Proto ID Catalog 2 | . . 1 . 1 . Fabricator Hacks 2 | . . . . . 2 Network Status 1 | . . . . . 1 Build 1 | . . . . . 1 Repair Station Hacks . | . . . . . . Recycling Unit Hacks . | . . . . . . Scanalyzer . | . . . . . . Garrison Access Hacks 1 | . . . . . 1 Seal Access 1 | . . . . . 1 Unauthorized Hacks 4 | . 1 . 1 . 2 Terminals 1 | . 1 . . . . Operators 1 | . 1 . . . . Fabricators 2 | . . . . . 2 Prioritize 1 | . . . . . 1 Haulers 1 | . . . . . 1 Repair Stations . | . . . . . . Recycling Units 1 | . . . 1 . . Tunnel 1 | . . . 1 . . Scanalyzers . | . . . . . . Garrison Access . | . . . . . . Data Cores Recovered . | . . . . . . Used . | . . . . . . Hacking Detections 1 | . 1 . . . . Full Trace Events . | . . . . . . Feedback Events . | . . . . . . Feedback Blocked . | . . . . . . Robot Schematics Acquired . | . . . . . . Robots Built . | . . . . . . Authchips . | . . . . . . Time . | . . . . . . Total Robot Build Rating . | . . . . . . Part Schematics Acquired . | . . . . . . Parts Built 1 | . . . . . 1 Authchips . | . . . . . . Time 139 | . . . . . 139 Total Part Build Rating 9 | . . . . . 9 Part Studies Acquired . | . . . . . . Parts Repaired . | . . . . . . Time . | . . . . . . Parts Recycled . | . . . . . . Recycled Matter . | . . . . . . Retrieved Matter . | . . . . . . Retrieved Components . | . . . . . . Parts Scanalyzed . | . . . . . . Part Schematics Acquired . | . . . . . . Parts Damaged . | . . . . . . Bothacking | -11 -10 -10 -7 -7 -5 ------------ Run | Yrd Mat Sub Rec Scr Fac Used RIF Installer . | . . . . . . Robots Hacked . | . . . . . . Non-combat . | . . . . . . Combat . | . . . . . . Robot Hacks Applied . | . . . . . . Relay Couplers Released . | . . . . . . Fabnet Peak Effective % . | . . . . . . Robots Rewired . | . . . . . . Allies Hacked . | . . . . . . Hacks Repelled . | . . . . . . Allies | -11 -10 -10 -7 -7 -5 -------- Run | Yrd Mat Sub Rec Scr Fac Total Allies 1 | . . . . . 1 Largest Group . | . . . . . . Highest-Rated Group . | . . . . . . Highest-Rated Ally . | . . . . . . Initial UFD Resources 39 | . . . . . 39 Total Orders . | . . . . . . Ally Attacks 17 | . . . . . 17 Total Damage 633 | . . . . . 633 Kills 3 | . . . . . 3 Allies Corrupted 1 | . . . . . 1 Allies Melted 1 | . . . . . 1 Borg Created 8 | . . . . . 8 Largest Collective 3 | . . . . . 3 Intel | -11 -10 -10 -7 -7 -5 ------- Run | Yrd Mat Sub Rec Scr Fac Active Infowar (turns) 2826 | 35 290 1196 . 230 1075 Optics 58 | . . 53 . . 5 Seismic 2539 | 35 290 1143 . 230 841 Jamming 942 | . . . . . 942 Robot Analysis Total . | . . . . . . Derelict Logs Recovered 5 | . . . . 5 . Drone Launches . | . . . . . . Drone Recoveries . | . . . . . . Exploration | -11 -10 -10 -7 -7 -5 ------------- Run | Yrd Mat Sub Rec Scr Fac Turns Passed 6404 | 97 290 1871 287 2592 1267 Spaces Moved 3661 | 50 166 1052 192 1718 483 Core 5 | 5 . . . . . Treads 1011 | 45 166 800 . . . Legs 422 | . . . . . 422 Wheels 2223 | . . 252 192 1718 61 Hover . | . . . . . . Flight . | . . . . . . Fastest Speed 50 | 50 160 131 140 100 115 Average Speed 151 | 149 160 153 140 140 187 Slowest Speed 240 | 160 160 240 140 145 200 Overloaded Moves . | . . . . . . Propulsion Burnouts . | . . . . . . Robots Hopped . | . . . . . . Potential Cave-ins . | . . . . . . Cave-ins Triggered . | . . . . . . Exploration Rate (%) 45 | 4 63 47 58 83 16 Regions Visited 5 Branch Regions 3 Pre-discovered Areas 8 | . . 1 1 6 . Known Exits Taken 1 | . . . . 1 . Unknown Exits Taken 4 | 1 1 1 1 . . Scrap Searched 14 | . . 9 . 5 . Spaces Dug 11 | . . 1 . . 10 Terrain Destroyed 64 | . . 1 2 . 61 Melee 10 | . . . . . 10 Projectile 3 | . . 1 2 . . AOE 51 | . . . . . 51 Terrain Rammed . | . . . . . . Walls Destroyed . | . . . . . . Machines Disabled . | . . . . . . Actions | -11 -10 -10 -7 -7 -5 --------- Run | Yrd Mat Sub Rec Scr Fac Total 4289 | 64 177 1202 208 1921 717 Wait 270 | . . 46 4 109 111 Move 3656 | 49 165 1051 191 1717 483 Hop . | . . . . . . Pick Up 75 | 2 2 19 4 42 6 Fast Attach 19 | 8 . 1 . 1 9 Attach 24 | . . 5 . 4 15 Detach 12 | 1 . 2 . 2 7 Swap 28 | 2 1 15 1 3 6 Drop 53 | . 1 3 4 43 2 Fire 89 | 2 6 60 4 . 17 Melee 43 | . . . . . 43 Ram 1 | . . . . . 1 Kick 2 | . . . . . 2 Crush 2 | . 2 . . . . Escape Stasis 5 | . . . . . 5 Rewire 2 | . . . . . 2 Trap . | . . . . . . Miscellaneous 8 | . . . . . 8 Route ------- -11/Scrapyard -10/Materials (discovered 2 exits: [*Mat] / *Sub) -10/Subcaves (discovered 2 exits: [*Mat] / *Rec) -7/Recycling -7/Scraptown (discovered 2 exits: *Fac x2) -5/Factory (discovered 1 exit: Fac) History --------- Turn | Location | Event 12 | -11/Scrapyard | Discovered new exit (range 16) 98 | -11/Scrapyard | Entered Materials 99 | -10/Materials | Met a group of wandering Federalists 316 | -10/Materials | Build established: Mutant 372 | -10/Materials | Discovered new exit (range 13) 380 | -10/Materials | Discovered new exit (range 7) 388 | -10/Materials | Entered Subcaves 389 | -10/Subcaves | Continued accompanying wandering Federalists (3) 389 | -10/Subcaves | Approached by a straggling Scientist 408 | -10/Subcaves | A Subdweller sparked back to life 408 | -10/Subcaves | A Subdweller sparked back to life 435 | -10/Subcaves | Found Prototype Protection 507 | -10/Subcaves | Discovered new exit (range 11) 534 | -10/Subcaves | Core integrity fell below 50% 554 | -10/Subcaves | Lost 3 allies 710 | -10/Subcaves | Core integrity fell below 20% 1011 | -10/Subcaves | Build established: Scavenger-Mutant 1145 | -10/Subcaves | A swath of the cavern ceiling suddenly collapsed 1560 | -10/Subcaves | Learned location of Zion (-6) 1560 | -10/Subcaves | Met a Zionite searching for "candidates" 1774 | -10/Subcaves | Discovered new exit (range 8) 1843 | -10/Subcaves | Visited 4L-MR0's lab 1851 | -10/Subcaves | Identified Gun Armor 1895 | -10/Subcaves | Found Cargo Legs 1936 | -10/Subcaves | Found Prototype Special Melee Weapon 2112 | -10/Subcaves | Build established: Mutant 2132 | -10/Subcaves | Disturbed a concealed Subdweller 2259 | -10/Subcaves | Entered Recycling 2260 | -7/Recycling | Met a Zionite searching for Scraptown 2510 | -7/Recycling | Scanned before Scraplab entrance 2530 | -7/Recycling | Entered Scraplab 2542 | -7/Recycling | Discovered new exit (range 3) 2546 | -7/Recycling | Entered Scraptown 2677 | -7/Scraptown | Scanned Subdweller tech in exchange for log data 2679 | -7/Scraptown | Learned Factory security intel 2681 | -7/Scraptown | Learned Research stockpile data 2685 | -7/Scraptown | Learned Research interactive machine intel 2686 | -7/Scraptown | Learned 8 Factory zone layouts 2688 | -7/Scraptown | Learned location of Warlord (-4) 2769 | -7/Scraptown | Discovered new exit (range 11) 2959 | -7/Scraptown | Heard Great Nut preacher, LISTEN AND RECITE! 3143 | -7/Scraptown | Visited IN-MT5's Study 3161 | -7/Scraptown | Visited Fellowship of the Rings 3182 | -7/Scraptown | Visited UFD Registry 3182 | -7/Scraptown | Registered with UFD as "Cryounit" 3217 | -7/Scraptown | Visited Botcube Research 3241 | -7/Scraptown | Visited Chapter 10 3262 | -7/Scraptown | Visited DA-N13 Charitable Foundation 3267 | -7/Scraptown | Found DCF Scrap (29 items) 3326 | -7/Scraptown | Delivered Scrap Shield to a Scientist 3397 | -7/Scraptown | Visited Curators Association 3439 | -7/Scraptown | Visited Supply Room 3458 | -7/Scraptown | Visited Science Testing Area 3470 | -7/Scraptown | Visited Cartography Club 3502 | -7/Scraptown | Visited Research Penetration Think Tank 3537 | -7/Scraptown | Visited Science Guys 3585 | -7/Scraptown | Visited LU-1G1's Boring Crew 3637 | -7/Scraptown | Found Botcube 4246 | -7/Scraptown | Guru changed UFD alias to "Quantumcycle" 4654 | -7/Scraptown | Visited Artisan Demo Area 4831 | -7/Scraptown | Found Deep Structural Scanner 4841 | -7/Scraptown | Learned location of Upper Caves (-4) 4841 | -7/Scraptown | Learned location of Extension (-5) 4841 | -7/Scraptown | Learned location of Cetus (-5) 4841 | -7/Scraptown | Learned location of Testing (-3) 4841 | -7/Scraptown | Learned 8 Materials zone layouts 4841 | -7/Scraptown | Learned 16 Materials zone layouts 4841 | -7/Scraptown | Learned 24 Factory zone layouts 4841 | -7/Scraptown | Learned 8 Research zone layouts 4841 | -7/Scraptown | Learned 12 Research zone layouts 4841 | -7/Scraptown | Learned 8 Access zone layouts 4841 | -7/Scraptown | Learned 4 Mines zone layouts 4841 | -7/Scraptown | Learned 4 Storage zone layouts 4841 | -7/Scraptown | Learned 12 Upper Caves zone layouts 4841 | -7/Scraptown | Learned 20 Proximity Caves zone layouts 4841 | -7/Scraptown | Learned location of 2 exits from Research 4841 | -7/Scraptown | Learned location of 1 exit from Proximity Caves 4841 | -7/Scraptown | Identified exit to Factory 5063 | -7/Scraptown | Met Optimus 5063 | -7/Scraptown | Accepted into 0bPrime 5138 | -7/Scraptown | Entered Factory 5138 | -5/Factory | Evolved 10 slots: Power x1, Propulsion x2, Utility x5, Weapon x2 5139 | -5/Factory | Identified exit to Factory 5139 | -5/Factory | Attached Cargo Legs, gained temporary slots: Utility x2 5144 | -5/Factory | Attached Gun Armor, gained temporary slots: Weapon x2 5144 | -5/Factory | Identified 1B-0RG's Assimilator 5436 | -5/Factory | Assimilating Virus 6a into Collective. 5440 | -5/Factory | Build established: Derelict-Mutant 5610 | -5/Factory | Fabricated Centrium Leg (x1) 5641 | -5/Factory | Assimilating Sage 6a into Collective. 5682 | -5/Factory | Assimilating Sage 6b into Collective. 5714 | -5/Factory | Assimilating Sage 6c into Collective. 5724 | -5/Factory | Assimilating Soldier 6a into Collective. 5793 | -5/Factory | Assimilating Soldier 6b into Collective. 5820 | -5/Factory | Found Prototype Launcher 5823 | -5/Factory | Identified Mni. Smartbomb Launcher 6034 | -5/Factory | Assimilating Slayer 6a into Collective. 6177 | -5/Factory | Assimilating Sage 6d into Collective. 6214 | -5/Factory | Cargo convoy interrupted 6257 | -5/Factory | Destroyed 10 combat bots 6289 | -5/Factory | Lost 7 parts (2p3u2w) 6303 | -5/Factory | Build established: Mutant 6404 | -5/Factory | Core integrity fell below 50% 6405 | -5/Factory | Self-destructed Last Messages --------------- 06277_ H-66 Slayer destroyed. 06277_ U-05 Engineer lays Concrete. 06282_ Acquired Antimatter Reactor. 06282_ U-05 Engineer builds a Wall. 06283_ U-05 Engineer lays Concrete. 06283_ U-05 Engineer builds a Wall. 06284_ U-05 Engineer lays Concrete. 06287_ Kicked U-05 Engineer. 06288_ U-05 Engineer lays Concrete. 06293_ System corrupted: Heat flow error (+254). 06312_ QUOR>=VVYQERQ2RC CSH=AQBR C HBC32 06313_ Acquired 6 matter. 06317_ Discarded Cargo Legs. 06318_ Temporary Utility slot lost. 06330_ Slammed into U-05 Engineer. 06330_ U-05 Engineer builds a Wall. 06345_ Acquired Mic. Nuclear Core. 06360_ K-01 Serf cleans the Power Conduit. 06400_ Acquired Enh. Optical Array. 06405_ U-05 Engineer builds a Wall. Map ----- +----------------------------------------------------+ | # ##??????????#%################# ^ # | | + #???????????# # #??# # | | # #???????????# # #??#% "" ! # | | # #???????????# # #??#^ "" # | | """ # ############# # #??# "T # | | """ # # """"""""" #??# %"" # | | """ # # #??# "" # | | # / """"""""" #### # | | ###### # / # | | ?????# # """"""""" ####### # | | ???? ########### ### #?????# # | | ???### #?????????#A#?# """"""""" #?????# # | | ?????# #?????????# #?# #?????# # | | ?????# #?????????# #############+######## # | | ?????# ###########+## + # | | ?????# # # ######### ########+# | | ?????# # # """ #???????# #????????? | | ###### # A # """ #######?# #????????? | | # # # """ # #?# #????????? | | """ # # # # ### #????????? | | """" # # # """ + #????????? | | """" # + # """ # #####????????? | | + # # """ # #????????????? | | """ # # ! # #######????????????? | | """" # # # [ #??????????????????? | | """" # # ! #@ #??????????????????? | | # # #######??????????????????? | | ###### ########+######???????????????????????? | | #????# #????????????????????????????? | | #???## ######## #????????????????????????????? | | #???# #??????# #????????????????????????????? | | #???#T #??????# #????????????????????????????? | | ###### #??????# #????????????????????????????? | | #??????#+############?????????????????? | | #??????# #?????????????????? | | #??????# #?????????????????? | | #??????# #???????####??????? | | #??????# #???????# ??????? | | ###### #??????# #???????# ??????? | | ?????????????????????????????????????????????????? | | ?????????????????????????????????????????????????? | | ?????????????????????????????????????????????????? | | ?????????????????????????????????????????????????? | | ?????????????????????????????????????????????????? | | ?????????????????????????????????????????????????? | | ?????????????????????????????????????????????????? | | ?????????????????????????????????????????????????? | | ?????????????????????????????????????????????????? | | ?????????????????????????????????????????????????? | | ?????????????????????????????????????????????????? | +----------------------------------------------------+ Best States ------------- Heat Dissipation 40 Energy Generation 31 Energy Capacity 375 Matter Stores 300 Matter Capacity 300 Sight Range 21 Terrain Scan Density 10 Jamming Range 14 Armor Coverage 435 Resistance: TH 15 Evasion (%) 40 Core Analysis 6 Recoil Reduction 2 Item Schematics ----------------- None Robot Schematics ------------------ None Fabricated ------------ Centrium Leg | x1 | -5/Factory | Preloaded Repaired ---------- Nothing Studied --------- None Alien Tech Used ----------------- None Achievements -------------- Low-level Research Challenges ------------ None Game ------ Seed TripodElectrostormDiverter Manual? 0 Play Time 00:39:14 Cumulative 958.9 hours Start 2026.04.16 @ 19:12:49 End 2026.04.16 @ 19:59:28 Sessions 1 Manual Loads 0 Difficulty Rogue Special Mode None Game No. 859 Rogue 772 Adventurer 87 Explorer 0 Win Type - Total 65 Types 10/9/33/2/1/1/5/1/1/2 Lore% 97 Gallery% 90 Achievement% 73 Wizard Run 0 Options --------- Layout 0 ASCII 0 Keyboard 1 Movement Numpad Keybinds 0 Fullscreen 2 Font 18/SmallcapsGlow Map View 76x50 Zoom Use 0% Tactical HUD 1 Map Filters NONE Filters NONE Steam 1 RUN: f2f0d4d4-e0cb-4f55-a41c-8a964cc48d27